 Dungeon Crawl Stone Soup version 0.29-a0-317-gd16b76e6b1 (webtiles) character file.

Game seed: 6036091967328220393

425 Dabor the Insei (level 6, -3/46 HPs)
             Began as a Demonspawn Transmuter on Apr 1, 2022.
             Was a Believer of Dithmenos.
             Slain by Edmund
             ... wielding a +1 dire flail of protection
              (5 damage)
             ... on level 4 of the Dungeon.
             The game lasted 00:06:31 (3620 turns).

Dabor the Insei (Demonspawn Transmuter)             Turns: 3620, Time: 00:06:32

Health: -3/46      AC:  4    Str: 15    XL:     6   Next: 64%
Magic:  8/10       EV: 17    Int: 15    God:    Dithmenos [**....]
Gold:   23         SH:  4    Dex: 15    Spells: 8/11 levels left

rFire   + . .      SeeInvis .   w - +1 dagger (flame)
rCold   . . .      Faith    .   (no shield)
rNeg    . . .      Spirit   .   v - +0 leather armour of the Illusory Dances {rF+}
rPois   .          Reflect  .   (helmet currently unavailable)
rElec   .          Harm     .   e - +0 cloak of the Curious Tusks {Regen+ Str+5}
rCorr   .          Rampage  .   (no gloves)
Will    .....                   (boots currently unavailable)
Stlth   +++.......              j - amulet of the acrobat
HPRegen 0.95/turn               (no ring)
MPRegen 0.12/turn               (no ring)

@: agile, appendages (expiring), wereblooded, hasted, wreathed by umbra, very
quick
A: horns 2, talons 2, large bone plates 1, foul stench 1, powered by pain 1
a: End Transformation, Renounce Religion, Shadow Step


You were on level 4 of the Dungeon.
You worshipped Dithmenos.
Dithmenos was pleased with you.
You had temporarily grown beastly horns and talons.
You visited 1 branch of the dungeon, and saw 4 of its levels.

You collected 163 gold pieces.
You spent 140 gold pieces at shops.

Inventory:

Hand Weapons
 f - the +1 hunting sling of the Scorching Priest {freeze, *Corrode rElec rC++}
   (You found it on level 3 of the Dungeon)

   Any ammunition fired from it freezes those it strikes, dealing additional
   cold damage.
   It can also slow down cold-blooded creatures.
   rC:        It greatly protects you from cold.
   rElec:     It insulates you from electricity.
   *Corrode:  It may corrode you when you take damage.
 w - a +1 dagger of flaming (weapon)
Missiles
 c - 2 javelins
 x - a throwing net
Armour
 a - a +1 robe
 e - the +0 cloak of the Curious Tusks (worn) {Regen+ Str+5}
   (You acquired it on level 2 of the Dungeon)

   Str:       It affects your strength (+5).
   Regen:     It increases your rate of health regeneration.
 v - the +0 leather armour of the Illusory Dances (worn) {rF+}
   (You found it on level 4 of the Dungeon)

   rF:        It protects you from fire.
Jewellery
 j - an amulet of the acrobat (around neck)
 p - an amulet of guardian spirit
Wands
 r - a wand of flame (18)
Scrolls
 g - 2 scrolls of teleportation
 h - a scroll of vulnerability {unknown}
 k - a scroll of holy word {unknown}
 l - a scroll of identify
 m - a scroll of fog {unknown}
 q - a scroll of noise {unknown}
 u - a scroll of magic mapping {unknown}
Potions
 b - a potion of lignification
 d - a potion of attraction {unknown}
 i - 4 potions of heal wounds {unknown}
 n - a potion of curing {unknown}
 o - a potion of ambrosia {unknown}
 s - a potion of mutation {unknown}
 t - a potion of haste


   Skills:
 + Level 2.4 Fighting
 + Level 1.5 Throwing
 + Level 2.8 Dodging
 - Level 3.0 Stealth
 + Level 3.6 Unarmed Combat
 + Level 3.0 Spellcasting
 + Level 2.8 Transmutations


You had 8 spell levels left.
You knew the following spells:

 Your Spells              Type           Power      Damage    Failure   Level
a - Beastly Appendage     Tmut           20%        N/A       8%          1
b - Wereblood             Tmut           10%        N/A       12%         2

Your spell library contained the following spells:

 Spells                   Type           Power      Damage    Failure   Level
 Spider Form              Tmut/Pois      6%         N/A       38%         3
 Ozocubu's Armour         Ice            2%         N/A       58%         3
 Ice Form                 Ice/Tmut       6%         N/A       80%         4
 Fireball                 Conj/Fire      1%         3d3       100%        5
 Starburst                Conj/Fire      1%         6d3       100%        6
 Ozocubu's Refrigeration  Ice            1%         4d5       100%        7
 Ignition                 Fire           1%         3d3       100%        8


Dungeon Overview and Level Annotations

Branches:
Dungeon (4/15)
 Temple: D:4-7

Altars:
Dithmenos

Shops:
D:4 !(

Annotations:
D:4 1 runed translucent door, Crazy Yiuf, Edmund


Innate Abilities, Weirdness & Mutations

You have temporarily grown beastly horns and talons.
You are partially covered in large bone plates. (SH +4)
You may rarely emit foul miasma when damaged in melee.
You sometimes gain a little power by taking damage.


Message History

Aim: Edmund, wielding a +1 dire flail of protection and wearing a +0 chain mail (lightly wounded, umbra, 77% to hit)
The puff of flame hits something.
You feel a bit better. Dithmenos accepts your kill.
Reactivating autopickup.
You feel a bit more experienced.
Training target 3.0 for Stealth reached!
Your Stealth skill increases to level 3!
Your Spellcasting skill increases to level 3!
You hit Edmund. You burn Edmund. You claw Edmund, but do no damage.
Edmund is lightly wounded.
Edmund hits you with a +1 dire flail of protection!
You hit Edmund but do no damage. You claw Edmund, but do no damage.
Edmund is lightly wounded.
The orc closely misses you.
Edmund hits you with a +1 dire flail of protection!
You focus on the pain.
You feel agile all of a sudden.
You hit Edmund. You burn Edmund. You claw Edmund, but do no damage.
You headbutt Edmund, but do no damage.
Edmund is moderately wounded.
The orc completely misses you.
Edmund hits you with a +1 dire flail of protection.
You hit Edmund but do no damage. You punch Edmund, but do no damage.
Edmund is moderately wounded.
You block the orc's attack. Edmund barely misses you.
You closely miss Edmund. You claw Edmund.
You headbutt Edmund, but do no damage.
Edmund is heavily wounded.
The orc closely misses you.
Edmund hits you with a +1 dire flail of protection!
* * * LOW HITPOINT WARNING * * *
You focus on the pain.
You feel more agile all of a sudden.
You feel yourself speed up.
You howl as the wereblood boils in your veins!
The orc hits you from afar with a +0 trident.
* * * LOW HITPOINT WARNING * * *
Edmund says, "I'm quite good with sums, too."
Edmund hits you with a +1 dire flail of protection.
You die...

### ######## ..# .......# #.#
.).....# #.# ..#.#...#
#.######### ..#.#.......
#...)......
..###...###############..........
.........<......@@oo..∩..........
..###.#.###..#########...........
....#...#.......# #####..........
..###...#.#..##.# #...........#
......#.#....##.# #..####'###.#
..#.#...####.##.######......# #
..#.#.............##.o.......#
..###.######.#...##.oo....o...#
......# #.#...#....o.......#


You could see Edmund and 2 orcs.

Vanquished Creatures
  An ogre (D:3)
  A phantom (D:4)
  A necrophage (D:4)
  A hound (D:4)
  Jessica (D:3)
  An orc wizard (D:4)
  3 gnolls (D:4)
  2 adders
  3 worms (D:3)
  11 bats
  6 endoplasms
  3 giant cockroaches (D:1)
  4 goblins
  8 hobgoblins
  2 quokkas
  8 ball pythons (D:1)
  7 frilled lizards
  4 kobolds
  4 rats
71 creatures vanquished.

Vanquished Creatures (others)
  2 fungi (D:4)
2 creatures vanquished.

Grand Total: 73 creatures vanquished

Notes
Turn   | Place    | Note
-------+----------+-------------------------------------------
     0 | D:1      | Dabor the Demonspawn Transmuter began the quest for the
                  | Orb.
     0 | D:1      | Reached XP level 1. HP: 15/15 MP: 3/3
   580 | D:1      | Gained mutation: You sometimes gain a little power by
                  | taking damage. [demonic ancestry]
   580 | D:1      | Reached XP level 2. HP: 21/21 MP: 1/5
   647 | D:1      | Found a faded altar of an unknown god.
   677 | D:1      | Prayed at the altar of an unknown god.
   677 | D:1      | Became a worshipper of Dithmenos the Shadowed
   677 | D:1      | Reached * piety under Dithmenos
  1062 | D:1      | Learned a level 2 spell: Wereblood
  1108 | D:1      | Gained mutation: You may rarely emit foul miasma when
                  | damaged in melee. [demonic ancestry]
  1108 | D:1      | Reached XP level 3. HP: 23/26 MP: 4/6
  1917 | D:3      | Noticed an ogre
  1919 | D:3      | Identified a scroll of acquirement
  1922 | D:2      | Acquired the +0 cloak of the Curious Tusks {Regen+ Str+5}
  2121 | D:3      | Identified the +1 hunting sling of the Scorching Priest
                  | {freeze, *Corrode rElec rC++}
  2236 | D:3      | Reached ** piety under Dithmenos
  2294 | D:3      | Reached skill level 1 in Stealth
  2473 | D:3      | Noticed Jessica
  2655 | D:3      | Killed an ogre
  2656 | D:3      | Gained mutation: You are partially covered in large bone
                  | plates. (SH +4) [demonic ancestry]
  2656 | D:3      | Reached XP level 4. HP: 26/33 MP: 7/7
  2656 | D:3      | Reached XP level 5. HP: 30/38 MP: 8/8
  2729 | D:3      | Killed Jessica
  3006 | D:3      | Reached skill level 1 in Throwing
  3113 | D:4      | Found Plog's Distillery.
  3153 | D:4      | Bought a potion of haste for 140 gold pieces
  3179 | D:4      | Identified the +0 leather armour of the Illusory Dances
                  | {rF+}
  3252 | D:4      | Found a runed translucent door.
  3253 | D:4      | Noticed Crazy Yiuf
  3323 | D:4      | Reached XP level 6. HP: 22/44 MP: 10/10
  3571 | D:4      | Found Puivudaw's Weapon Shop.
  3591 | D:4      | Noticed Edmund
  3620 | D:4      | HP: 2/46 [orc/+0 trident (5)]
  3620 | D:4      | Slain by Edmund

Illustrated notes

Levels and vault maps discovered:
D:1:      dpeg_arrival_tiny_d, layout_loops_cross,
          chequers_ecumenical_altar_island
D:2:      layout_rooms
D:3:      layout_basic, corner_web_ring, uniq_jessica
D:4:      layout_basic, lemuel_doored_altar, serial_shops,
          nicolae_shop_behind_doors, shop, shop, shop, shop,
          dreamdust_mushroom_princess, minmay_misc_feat_nine_boxes,
          st_stairs_13, nrook_uturn, minmay_misc_feat_square, kennysheep_potato,
          uniq_crazy_yiuf_cottage, uniq_ijyb, uniq_eustachio, uniq_edmund

Skill      XL: |  1  2  3  4  5  6 |
---------------+-------------------+-----
Dodging        | 2 |  2.8
Transmutations | 2 |  2.8
Unarmed Combat | 3 |  3.6
Stealth        | 1 2 3 |  3.0
Fighting       | 2 |  2.4
Throwing       | 1 |  1.5
Spellcasting   | 3 |  3.0

Action                   |  1- 3 |  4- 6 || total
-------------------------+-------+-------++-------
Melee: Unarmed           |    92 |     6 ||    98
       Kick              |    15 |    10 ||    25
       Headbutt          |     8 |     7 ||    15
       Dagger            |       |    35 ||    35
       Punch             |       |     1 ||     1
 Fire: Hunting sling     |    41 |    65 ||   106
 Cast: Beastly Appendage |    28 |     4 ||    32
       Wereblood         |     2 |     1 ||     3
Evoke: Wand              |       |     7 ||     7
  Use: Scroll            |     4 |       ||     4
       Potion            |     1 |     1 ||     2
 Stab: Sleeping          |     1 |       ||     1
Armor: Robe              |    18 |     6 ||    24
       Leather armour    |       |     8 ||     8
Dodge: Dodged            |    76 |    49 ||   125
Block: Other             |       |    11 ||    11

Table legend: (Time is in decaauts)
 A = Elapsed time spent in this place.
 B = Non-inter-level travel time spent in this place.
 C = Inter-level travel time spent in this place.
 D = Time resting spent in this place.
 E = Time spent auto-exploring this place.
 F = Levels seen in this place.
 G = Mean time per level.
                   A        B        C        D        E       F      G
               +--------+--------+--------+--------+--------+-----+--------+
         Total |   3675 |   3440 |    235 |    316 |   2249 |   4 |  918.8 |
       Dungeon |   3675 |   3440 |    235 |    316 |   2249 |   4 |  918.8 |
               +--------+--------+--------+--------+--------+-----+--------+

Top non-repeatable levels by time:
     D:1: 1320 daAuts
     D:3: 1083 daAuts
     D:2: 718 daAuts
     D:4: 553 daAuts
